AoeStats
← jose_2616

Arabia

507120449Analyzed
4v4 RM · 15d ago on Sep 16, 2026· 76m 29s· 8 players
Game mode
Random Map
Map size
Large (8 player)
Population
200
Speed
Normal
Resources
Standard
Victory
Conquest
Starting age
Dark Age
Ending age
Imperial Age
RankedLock teamsTeams togetherTeam positionsShared explorationLock speedFull tech treeHidden civsTurbo modeCheats
Victory
Defeat
🇧🇬 Teutons · Bulgaria
748
+15
🇵🇦 Dravidians · Panama
738
+15
🇺🇸 Poles · United States
728
+16
🇦🇷 Khmer · Argentina
678
+18
🇺🇸 Teutons · United States
833
-19
🇨🇭 Celts · Switzerland
768
-18
🇨🇭 Britons · Switzerland
761
-18
🇪🇸 Koreans · Spain
538
-9
huntrixLoL
1:07 Loom
11:46 Feudal Age
12:15 Horse Collar
12:20 Double-Bit Axe
17:06 Wheelbarrow
20:28 Castle Age
18:44 Stone Mining
22:12 Heavy Plow
22:23 Bow Saw
25:24 Murder Holes
29:43 Imperial Age
28:01 Stone Shaft Mining
27:17 Gold Mining
29:19 Hand Cart
30:11 Caravan
31:48 Town Watch
36:33 Cavalier
37:28 Husbandry
37:38 Scale Barding Armor
38:22 Bloodlines
42:18 Chemistry
46:29 Conscription
47:49 Chain Barding Armor
51:52 Elite Obuch
65:10 Elite Skirmisher
66:08 Light Cavalry
66:55 Winged Hussar
72:53 Szlachta Privileges
75:17 Forging
Bergoglio
1:37 Loom
15:30 Feudal Age
15:37 Man-at-Arms
16:52 Double-Bit Axe
21:57 Castle Age
20:18 Horse Collar
23:10 Arson
22:46 Long Swordsman
28:19 Imperial Age
26:22 Forging
29:05 Iron Casting
28:31 Scale Mail Armor
30:58 Bow Saw
30:51 Heavy Plow
33:31 Two-Handed Swordsman
36:58 Blast Furnace
36:15 Chain Mail Armor
37:38 Conscription
37:19 Gold Mining
38:25 Caravan
40:09 Crop Rotation
40:30 Town Watch
41:21 Wheelbarrow
41:00 Scale Barding Armor
42:01 Chemistry
41:23 Ballistics
42:51 Town Patrol
43:07 Hand Cart
44:21 Chain Barding Armor
44:16 Bloodlines
44:06 Husbandry
43:28 Elite Battle Elephant
45:50 Tusk Swords
47:06 Stone Mining
47:57 Gold Shaft Mining
46:58 Heavy Scorpion
54:17 Plate Barding Armor
55:49 Double Crossbow
67:01 Light Cavalry
71:00 Hussar
73:48 Spies/Treason
jose_2616
1:46 Loom
12:15 Feudal Age
17:36 Castle Age
17:10 Horse Collar
17:18 Double-Bit Axe
18:47 Bow Saw
20:24 Heavy Plow
25:11 Wheelbarrow
26:55 Hand Cart
27:16 Forging
27:06 Scale Mail Armor
31:50 Iron Casting
31:15 Scale Mail Armor
30:41 Man-at-Arms
31:07 Gambesons
31:23 Squires
31:08 Arson
31:40 Town Watch
32:12 Masonry
32:13 Fortified Wall
31:59 Murder Holes
32:34 Town Patrol
32:40 Scale Mail Armor
32:42 Long Swordsman
33:52 Chain Mail Armor
33:30 Fletching
34:39 Thumb Ring
34:43 Husbandry
34:52 Padded Archer Armor
35:19 Ballistics
34:57 Gold Mining
35:02 Stone Mining
35:19 Devotion
35:39 Medical Corps
39:47 Imperial Age
40:08 Bodkin Arrow
40:29 Leather Archer Armor
39:49 Two-Handed Swordsman
40:55 Wootz Steel
41:41 Blast Furnace
41:12 Plate Mail Armor
40:43 Arrowslits
41:26 Conscription
41:37 Faith
40:41 Champion
41:56 Elite Elephant Archer
48:10 Bodkin Arrow
48:31 Leather Archer Armor
49:03 Bracer
IskoB
10:54 Feudal Age
11:45 Loom
17:22 Castle Age
16:06 Double-Bit Axe
16:05 Horse Collar
21:14 Bow Saw
21:03 Gold Mining
21:23 Heavy Plow
22:40 Wheelbarrow
31:06 Imperial Age
29:57 Bloodlines
30:34 Scale Barding Armor
30:40 Forging
32:32 Hand Cart
32:12 Cavalier
35:36 Two-Man Saw
35:33 Iron Casting
36:07 Chain Barding Armor
36:55 Town Watch
37:15 Paladin
38:59 Crop Rotation
39:08 Plate Barding Armor
40:52 Guilds
41:46 Blast Furnace
42:13 Conscription
63:27 Masonry
74:04 Spies/Treason
76:43 Town Patrol
madnessss86
0:29 Loom
13:09 Feudal Age
20:27 Castle Age
19:44 Double-Bit Axe
22:26 Horse Collar
23:29 Heavy Plow
23:52 Bow Saw
24:35 Gold Mining
24:36 Stone Mining
27:32 Scale Mail Armor
27:38 Scale Barding Armor
27:38 Squires
27:25 Gambesons
27:02 Man-at-Arms
28:50 Long Swordsman
32:26 Fortified Wall
36:09 Imperial Age
36:52 Gold Shaft Mining
36:27 Caravan
37:00 Town Watch
38:02 Conscription
39:04 Two-Man Saw
41:48 Elite Longbowman
42:33 Warwolf
42:43 Fletching
42:55 Padded Archer Armor
43:12 Chain Mail Armor
43:09 Forging
44:28 Wheelbarrow
45:14 Chemistry
44:07 Heated Shot
50:28 Leather Archer Armor
50:09 Bodkin Arrow
52:45 Pikeman
59:09 Two-Handed Swordsman
63:27 Halberdier
F o r k B e a r d
9:16 Loom
11:20 Feudal Age
16:25 Castle Age
14:56 Double-Bit Axe
14:58 Horse Collar
16:40 Wheelbarrow
17:58 Bow Saw
27:45 Fortified Wall
29:36 Heavy Plow
33:19 Imperial Age
31:09 Hand Cart
31:24 Gold Mining
33:35 Stone Mining
35:09 Two-Man Saw
34:41 Crop Rotation
35:02 Caravan
35:19 Town Watch
35:58 Masonry
37:10 Conscription
38:10 Town Patrol
38:58 Crenellations
39:15 Hoardings
38:19 Cavalier
39:10 Bloodlines
39:07 Scale Barding Armor
39:13 Forging
39:57 Ballistics
39:23 Arrowslits
39:23 Paladin
40:25 Chain Barding Armor
42:31 Plate Barding Armor
42:31 Iron Casting
45:42 Chemistry
46:45 Pikeman
47:25 Squires
56:37 Coinage
56:17 Guilds
56:26 Guard Tower
59:52 Banking
Itsleviosa
13:08 Feudal Age
14:29 Wheelbarrow
13:41 Horse Collar
17:29 Gold Mining
17:35 Stone Mining
19:43 Loom
21:24 Double-Bit Axe
28:32 Castle Age
31:43 Pikeman
32:24 Squires
32:10 Arson
32:51 Bow Saw
33:29 Fortified Wall
34:19 Heavy Plow
36:04 Gold Shaft Mining
36:06 Hand Cart
37:04 Ballistics
40:21 Imperial Age
39:07 Crossbowman
39:53 Thumb Ring
42:38 Elite Fire Lancer
44:50 Two-Man Saw
43:28 Elite War Wagon
45:21 Caravan
46:06 Forging
45:57 Scale Mail Armor
46:03 Scale Barding Armor
46:05 Heavy Rocket Cart
46:09 Cavalier
46:50 Husbandry
48:20 Chemistry
48:28 Chain Mail Armor
48:49 Iron Casting
52:10 Chain Barding Armor
52:21 Plate Mail Armor
53:32 Fletching
53:05 Arbalester
54:07 Guilds
54:42 Halberdier
MuchJaguar3116
0:28 Loom
15:12 Feudal Age
15:44 Double-Bit Axe
18:22 Horse Collar
20:33 Stone Mining
23:23 Castle Age
22:49 Gold Mining
26:00 Bow Saw
27:01 Man-at-Arms
27:26 Gambesons
30:26 Wheelbarrow
32:17 Caravan
34:40 Fervor
34:36 Heavy Plow
39:16 Imperial Age
36:55 Treadmill Crane
37:11 Murder Holes
37:38 Ballistics
37:30 Masonry
37:52 Fortified Wall
37:52 Heated Shot
38:46 Pikeman
39:12 Arson
41:03 Chemistry
40:09 Siege Engineers
39:27 Halberdier
40:27 Hand Cart
40:01 Town Watch
41:15 Stone Shaft Mining
41:19 Gold Shaft Mining
43:51 Scale Barding Armor
43:46 Scale Mail Armor
43:37 Fletching
43:48 Padded Archer Armor
43:59 Forging
43:33 Elite Woad Raider
44:04 Stronghold
44:24 Furor Celtica
44:35 Conscription
43:45 Sappers
45:51 Hoardings
44:47 Sappers
45:42 Capped Ram
46:50 Siege Ram
51:50 Elite Skirmisher
53:41 Crossbowman
56:16 Town Patrol
58:27 Long Swordsman
59:53 Coinage
59:34 Guilds
59:58 Two-Handed Swordsman
62:33 Champion
Connection lost

Rejoining the realm…

Still unreachable

The connection could not be restored.

Session expired

The server has moved on; the page needs a fresh start.